 Dungeon Crawl Stone Soup version 0.22-a0-799-g88f5e90 (webtiles) character file.

28 iamserjio the Firebug (level 3, -1/19 HPs)
             Began as a Tengu Fire Elementalist on July 21, 2018.
             Slain by a hobgoblin
             ... wielding a +0 club
              (4 damage)
             ... on level 3 of the Dungeon.
             The game lasted 00:05:04 (684 turns).

iamserjio the Firebug (Tengu Fire Elementalist)      Turns: 684, Time: 00:05:05

Health: -1/19      AC:  3    Str:  8    XL:     3   Next: 14%
Magic:  3/7        EV: 12    Int: 21    God:
Gold:   178        SH:  0    Dex: 14    Spells: 2/6 levels left

rFire    . . .     SeeInvis .   i - +0 club (curse)
rCold    . . .     Gourm    .   (no shield)
rNeg     . . .     Faith    .   a - +0 robe
rPois    .         Spirit   .   (helmet restricted)
rElec    .         Reflect  .   m - +0 cloak
rCorr    .         Harm     .   (no gloves)
MR       .....                  (boots unavailable)
Stlth    ++........             k - amulet of inaccuracy (curse)
HPRegen  0.06/turn              t - +5 ring of intelligence
MPRegen  0.10/turn              (no ring)

@: very slightly contaminated
A: beak, talons 3
a: no special abilities


You were on level 3 of the Dungeon.
You were not hungry.

You visited 1 branch of the dungeon, and saw 3 of its levels.

You collected 178 gold pieces.

Inventory:

Hand Weapons
 i - a cursed +0 club (weapon)
 o - a +0 spear
Missiles
 d - 25 sling bullets
Armour
 a - a +0 robe (worn)
 m - a +0 cloak (worn)
Jewellery
 k - a cursed amulet of inaccuracy (around neck)
 l - an uncursed amulet of faith {unknown}
 t - a +5 ring of intelligence (left hand)
Scrolls
 b - a scroll of enchant weapon {unknown}
 g - 3 scrolls of remove curse {unknown}
 j - a scroll of magic mapping {unknown}
 n - 4 scrolls of identify {unknown}
 p - 2 scrolls of amnesia {unknown}
 u - a scroll of blinking {unknown}
Potions
 e - 2 potions of agility {unknown}
 f - a potion of invisibility {unknown}
 h - a potion of lignification {unknown}
 q - a potion of heal wounds {unknown}
 r - a potion of mutation {unknown}
 s - a potion of curing {unknown}
Comestibles
 c - 3 rations


   Skills:
 - Level 2.1 Dodging
 - Level 2.0 Stealth
 * Level 2.0 Spellcasting
 + Level 3.3 Conjurations
 + Level 3.7 Fire Magic


You had 2 spell levels left.
You knew the following spells:

 Your Spells              Type           Power        Failure   Level  Hunger
a - Flame Tongue          Conj/Fire      ###..        3%          1    #......
b - Conjure Flame         Conj/Fire      ###.....     11%         3    ###....

Your spell library contained the following spells:

 Spells                   Type           Power        Failure   Level  Hunger
 Fireball                 Conj/Fire      ###.......   67%         5    ######.
 Throw Flame              Conj/Fire      ###...       5%          2    ##.....
 Sticky Flame             Conj/Fire      ###.....     34%         4    #####..
 Inner Flame              Hex/Fire       ##......     21%         3    ###....


Dungeon Overview and Level Annotations

Branches:
Dungeon (3/15)

Altars:


Innate Abilities, Weirdness & Mutations

You have a beak for a mouth.
You have claws for feet.


Message History

You hit the hobgoblin but do no damage. Your kick misses the hobgoblin.
The hobgoblin hits you with a club.
* * * LOW HITPOINT WARNING * * *
Casting: Flame Tongue (safe; 3% risk of failure)
Confirm with . or Enter, or press ? or * to list all spells.
Aiming: Flame Tongue (safe; 3% risk of failure)
Press: ? - help, Shift-Dir - straight line, f/p - hobgoblin
Aim: a hobgoblin, wielding a club The flame tongue hits the hobgoblin.
The hobgoblin is heavily wounded.
The hobgoblin misses you.
Casting: Flame Tongue (safe; 3% risk of failure)
Confirm with . or Enter, or press ? or * to list all spells.
Aiming: Flame Tongue (safe; 3% risk of failure)
Press: ? - help, Shift-Dir - straight line, f/p - hobgoblin
Aim: a hobgoblin, wielding a club (heavily wounded)
The flame tongue hits the hobgoblin.
The hobgoblin is severely wounded.
The hobgoblin hits you with a club.
You die...

##.## ..# ...# #..
#..# ..# #..# .. .#
#..# #.# .#
##..##### #.. .#
#.......<
..####.##.#
#...#####
.......@..# #...#
.######g#.#
##.#..... #.#.#
#.#.####
#...#######.#[#
#######..#......)#.#
.........#.......#.#
.........†.......#.#
###.####.#.......# #
#.........#


You could see a hobgoblin.

Vanquished Creatures
  A leopard gecko (D:1)
  2 bats (D:1)
  4 goblins
  3 hobgoblins
  3 jackals (D:1)
  2 ball pythons
  5 frilled lizards
  2 kobolds
  3 rats
25 creatures vanquished.

Notes
Turn   | Place    | Note
-------+----------+-------------------------------------------
     0 | D:1      | iamserjio the Tengu Fire Elementalist began the quest for the Orb.
     0 | D:1      | Reached XP level 1. HP: 10/10 MP: 4/4
   341 | D:2      | Reached XP level 2. HP: 15/15 MP: 4/6
   567 | D:2      | Reached XP level 3. HP: 12/19 MP: 5/7
   652 | D:3      | Learned a level 3 spell: Conjure Flame
   684 | D:3      | Slain by a hobgoblin

Vault maps used:
D:1:      dpeg_arrival_chambers_temple_mockup, minmay_tetromino_i4
D:2:      grunt_temple_overflow_magic_moments, first_ration
D:3:      grunt_temple_overflow_order_and_chaos_1, roderic_batcave

Skill      XL: |  1  2 |
---------------+-------+-----
Conjurations   | 2 3 |  3.3
Dodging        | |  2.1
Stealth        | |  2.0
Spellcasting   | |  2.0
Fire Magic     | |  3.7

Action                   || total
-------------------------++-------
Melee: Club              ||    28
       Kick              ||    11
       Peck              ||     2
 Cast: Flame Tongue      ||    24
Armor: Robe              ||     7
Dodge: Dodged            ||    24

Table legend:
 A = Spawn XP
 B = Non-spawn XP
 C = Spawn XP percentage of total XP
 D = Spawn monster count
 E = Non-spawn monster count
 F = Spawn count percentage of total count
 G = Total turns spent on level
                    A         B        C        D         E        F      G
               +---------+---------+-------+---------+---------+-------+---------
         Total |       0 |      41 |   0.0 |       0 |      25 |   0.0 |   684
               +---------+---------+-------+---------+---------+-------+---------
           D:1 |       0 |      24 |   0.0 |       0 |      14 |   0.0 |   433
           D:2 |       0 |      14 |   0.0 |       0 |       9 |   0.0 |   210
           D:3 |       0 |       3 |   0.0 |       0 |       2 |   0.0 |    41
               +---------+---------+-------+---------+---------+-------+---------
